Map: [ESL] Ghost River

Players

FoxeR

  • Race: Terran Terran
  • Spawn Location: 11:00

Kelazhur - Winner!

  • Race: Terran Terran
  • Spawn Location: 1:00

Event: ESL SC2 Masters 2024 Spring (Regional)

VOD

Have the link to the VOD?

Description

Time

  • Played on: April 13, 2024, 4:58 p.m.
  • Length: 9:52

All games in this series

Show
View Real Time Build Order
Export as new Build Order

FoxeR Terran 

Build Orders:  

Get SALT Encoding   

  12  0:00  SCV  
  13  0:12  SCV  
  14  0:16  Supply Depot  
  14  0:24  SCV  
  15  0:38  SCV  
  15  0:39  Barracks  
  16  0:42  Refinery  
  16  0:50  SCV  
  16  0:53  Refinery  
  17  1:02  SCV  
  18  1:14  SCV  
  19  1:26  Reaper  
  19  1:27  Orbital Command  
  19  1:31  Supply Depot  
  20  1:41  Factory  
  20  1:53  SCV  
  21  1:58  Reaper  
  22  2:05  SCV  
  23  2:17  Command Center  
  23  2:20  SCV  
  24  2:26  Hellion  
  26  2:32  SCV  
  27  2:37  Starport  
  27  2:40  Barracks Reactor  
  27  2:44  SCV  
  27  2:49  Supply Depot  
  27  2:51  Factory Tech Lab  
  28  2:56  SCV  
  29  3:08  SCV  
  29  3:11  Siege Tank  
  33  3:16  Marine x2  
  35  3:23  Medivac  
  35  3:24  SCV  
  35  3:25  Refinery  
  38  3:31  Orbital Command  
  38  3:34  Marine  
  38  3:37  Marine  
  38  3:38  SCV  
  41  3:46  Cyclone  
  43  3:50  SCV  
  43  3:52  Supply Depot  
  44  4:01  SCV  
  45  4:04  SCV  
  45  4:05  Supply Depot  
  46  4:13  SCV  
  40  4:29  SCV  
  40  4:30  SCV  
  38  4:31  Siege Tank, Viking x2  
  45  4:40  Starport  
  45  4:41  SCV  
  45  4:42  SCV  
  47  4:49  Supply Depot  
  47  4:53  SCV  
  47  4:54  SCV  
  49  5:01  Viking x2  
  49  5:06  SCV  
  54  5:08  Siege Tank  
  54  5:11  SCV  
  58  5:18  Liberator  
  58  5:19  SCV  
  62  5:23  SCV  
  62  5:31  SCV  
  62  5:33  Refinery  
  59  5:43  Viking  
  59  5:44  SCV  
  59  5:45  SCV  
  59  5:49  Supply Depot  
  63  5:56  Viking, SCV  
  66  5:57  SCV  
  66  6:01  Viking  
  69  6:08  SCV  
  69  6:09  SCV  
  72  6:11  Siege Tank  
  72  6:13  Viking  
  74  6:20  SCV  
  75  6:26  Viking  
  75  6:31  SCV  
  64  6:33  SCV  
  64  6:36  Command Center  
  65  6:43  SCV  
  65  6:44  Siege Tank  
  69  6:48  SCV  
  69  6:52  Liberator  
  69  6:53  Viking  
  74  7:06  SCV  
  69  7:09  Viking  
  65  7:18  SCV  
  66  7:30  SCV  
  61  7:42  SCV  
  62  7:47  Viking  
  61  7:52  Viking  
  60  8:11  Orbital Command  
  60  8:17  Siege Tank  
  57  8:26  Viking  
  59  8:41  Viking  
  61  8:58  Orbital Command  
  58  9:08  Viking  
  58  9:10  SCV x2  
  58  9:11  Refinery  
  58  9:12  Refinery  
  60  9:22  SCV  
  63  9:28  SCV  
  63  9:29  SCV  
Show
View Real Time Build Order
Export as new Build Order

Kelazhur Terran - Winner!

Build Orders: Cyclone Opening 

Get SALT Encoding   

  12  0:00  SCV  
  13  0:12  SCV  
  14  0:17  Supply Depot  
  14  0:24  SCV  
  15  0:38  SCV  
  15  0:39  Barracks  
  16  0:43  Refinery  
  16  0:50  SCV  
  16  0:52  Refinery  
  17  1:03  SCV  
  18  1:15  SCV  
  19  1:26  Reaper  
  19  1:27  Orbital Command  
  19  1:32  Supply Depot  
  20  1:41  Factory  
  20  1:52  SCV  
  21  1:58  Reaper  
  22  2:04  SCV  
  23  2:16  Command Center  
  23  2:17  SCV  
  24  2:24  Cyclone  
  24  2:29  SCV  
  27  2:31  Barracks Reactor  
  27  2:35  Supply Depot  
  27  2:41  SCV  
  28  2:54  Starport  
  28  2:55  SCV  
  28  2:58  Factory Tech Lab  
  29  3:07  Marine x2  
  29  3:08  SCV  
  32  3:20  SCV, Siege Tank  
  32  3:25  Marine x2  
  38  3:28  Orbital Command  
  38  3:30  Starport Tech Lab  
  38  3:32  SCV  
  39  3:36  Refinery  
  39  3:43  Marine x2  
  39  3:44  SCV  
  42  3:52  Raven  
  42  3:54  SCV  
  45  3:56  SCV  
  45  4:01  Marine x2  
  48  4:10  SCV  
  48  4:11  SCV  
  48  4:12  Siege Tank  
  53  4:19  Marine x2  
  53  4:22  SCV  
  53  4:23  SCV  
  48  4:34  SCV  
  48  4:35  SCV  
  50  4:42  Supply Depot  
  50  4:43  Viking x2  
  54  5:00  SCV x2, Siege Tank  
  54  5:05  Command Center  
  59  5:12  SCV x2  
  61  5:15  Supply Depot  
  61  5:17  Viking x2  
  65  5:21  Stimpack  
  65  5:22  Marine  
  65  5:24  SCV  
  67  5:28  SCV  
  66  5:37  SCV  
  66  5:41  Siege Tank  
  70  5:43  SCV  
  70  5:49  SCV  
  72  5:50  Viking, Supply Depot  
  72  5:51  Marine, Refinery  
  72  5:55  SCV  
  72  5:56  Viking  
  77  6:05  SCV  
  78  6:11  Marine  
  78  6:12  SCV  
  78  6:14  Siege Tank  
  78  6:17  Refinery  
  80  6:32  Marine  
  73  6:35  SCV x2  
  73  6:36  Orbital Command, Barracks  
  73  6:38  Barracks x2  
  73  6:39  Barracks  
  75  6:46  Siege Tank  
  79  6:47  SCV x2  
  79  6:51  Marine  
  81  6:57  Viking  
  81  6:58  Viking  
  81  6:59  SCV x2  
  87  7:03  SCV, Engineering Bay  
  87  7:04  Engineering Bay  
  86  7:09  Marine  
  86  7:11  SCV  
  88  7:16  SCV  
  88  7:21  Siege Tank, Combat Shield  
  92  7:23  SCV x2  
  92  7:27  Marine  
  95  7:31  Terran Infantry Weapons Level 1  
  95  7:32  Supply Depot  
  95  7:34  Marine x4  
  97  7:37  Refinery  
  97  7:38  SCV  
  97  7:41  SCV  
  97  7:42  Supply Depot  
  99  7:45  SCV, Marine  
  101  7:53  SCV, Siege Tank, Marine x3  
  101  7:55  SCV  
  109  8:04  SCV, Marine  
  113  8:05  SCV  
  113  8:07  SCV, Supply Depot  
  113  8:10  Refinery  
  113  8:12  Barracks Reactor x2, Supply Depot  
  115  8:13  Barracks Reactor, Supply Depot  
  115  8:21  Marine  
  115  8:22  SCV  
  115  8:23  SCV  
  115  8:26  Supply Depot  
  117  8:29  Siege Tank  
  117  8:30  SCV  
  117  8:31  Command Center, Supply Depot  
  117  8:33  Barracks Reactor  
  120  8:34  SCV  
  120  8:37  SCV  
  119  8:43  SCV  
  114  8:49  Marine x5  
  114  8:50  Marine  
  114  8:51  SCV  
  118  8:56  SCV  
  118  9:00  Marine  
  118  9:01  Siege Tank  
  120  9:07  Marine x5  
  120  9:08  SCV  
  120  9:09  Marine x3  
  126  9:17  Marine, Barracks x2  
  126  9:18  Barracks  
  126  9:20  Armory  
  126  9:22  Medivac x2  
  131  9:25  Marine x2  
  131  9:27  SCV x3, Supply Depot  
  131  9:28  Supply Depot, Marine  
  137  9:39  SCV  
Tags
 
Add a new tag
Caveats
  • Supply blocks, unpowered buildings, or Contaminate may cause inaccurate times.
  • Supply counts are checked every 10 seconds.